 Dungeon Crawl Stone Soup version 0.32-a0-22-g6ae6769602 (webtiles) character file.

Game seed: 4534349820572637717

1460 Zeia the Reanimator (level 8, -10/58 HPs)
             Began as a Demonspawn Necromancer on Jan 19, 2024.
             Was a Follower of Ashenzari.
             Mangled by an ogre
             ... wielding a +0 giant club
              (27 damage)
             ... on level 6 of the Dungeon.
             The game lasted 00:25:17 (6451 turns).

Zeia the Reanimator (Demonspawn Necromancer)        Turns: 6451, Time: 00:25:19

Health: -10/58     AC:  6    Str:  9    XL:     8   Next: 48%
Magic:  7/13       EV: 11    Int: 17    God:    Ashenzari [*.....]
Gold:   287        SH:  5    Dex: 14    Spells: 9/14 levels left

rFire   + . .        p - +0 dagger (drain)
rCold   . . .        h - +0 buckler
rNeg    . . .        a - +0 robe "Thunder Perfect Mind" {Dev, Bglg} (curse)
rPois   .            (no helmet)
rElec   .            l - +2 cloak {rCorr}
rCorr   +            b - +0 pair of gloves
SInv    .            (no boots)
Will    .....        (no amulet)
Stlth   ++           w - ring of the Ruined Seer {rF+, Elem, Fort} (curse)
HPRegen 0.29/turn    (no ring)
MPRegen 0.13/turn

%: no passive effects
@: studying Shields
A: foul stench 1, sturdy frame 1, demonic touch 1
a: Renounce Religion, Shatter the Chains


You were on level 6 of the Dungeon.
You worshipped Ashenzari.
Ashenzari was aware of your devotion.
You visited 2 branches of the dungeon, and saw 7 of its levels.

You collected 287 gold pieces.

Inventory:

Hand Weapons
 g - a +0 dagger
 p - a +0 dagger of draining (weapon)
 u - a +1 whip of freezing
Armour
 a - the cursed +0 robe "Thunder Perfect Mind" (worn) {Dev, Bglg}

   It has a curse which improves the following skills: Devices: Evocations and
   Shapeshifting.
   Beguiling: Hexes and Translocations.
 b - a +0 pair of gloves (worn)
 h - a +0 buckler (worn)
 l - a +2 cloak of preservation (worn)
Magical Staves
 x - a staff of air
 A - a staff of conjuration
Jewellery
 s - a ring of ice
 w - the cursed ring of the Ruined Seer (left hand) {rF+, Elem, Fort}
   (You found it on level 4 of the Dungeon)

   [ring of protection from fire]

   rF+:       It protects you from fire.
   It has a curse which improves the following skills: Elements: Fire Magic, Ice
   Magic, Air Magic and Earth Magic.
   Fortitude: Armour and Shields.
Wands
 B - a wand of paralysis (8)
Scrolls
 d - 6 scrolls of identify
 e - a scroll of revelation
 i - a scroll of blinking
 j - a scroll of noise
 m - 3 scrolls of teleportation
 r - 2 scrolls of enchant armour
 y - a scroll of brand weapon
 z - a scroll of amnesia
Potions
 c - 5 potions of curing
 f - 2 potions of attraction
 k - a potion of brilliance
 n - a potion of degeneration
 o - a potion of cancellation
 q - a potion of lignification
 t - a potion of haste
 v - 2 potions of enlightenment
 C - a potion of mutation
 D - a potion of resistance
 E - a potion of ambrosia


   Skills:
 - Level 3.0 Fighting
 - Level 1.7 Dodging
 - Level 1.7 Stealth
 + Level 5.5(6.2) Shields
 + Level 3.6 Spellcasting
 - Level 10.0 Necromancy


You had 9 spell levels left.
You knew the following spells:

 Your Spells              Type           Power      Damage    Failure   Level
a - Necrotise             Necr           100%       1d9       1%          1
b - Animate Dead          Necr           37%        N/A       3%          4

Your spell library contained the following spells:

 Spells                   Type           Power      Damage    Failure   Level
 Vampiric Draining        Necr           37%        2d8       1%          3
 Curse of Agony           Necr           37%        N/A       11%         5
 Apportation              Tloc           6%         N/A       22%         1
 Sting                    Conj/Alch      12%        1d3       22%         1
 Summon Small Mammal      Summ           12%        N/A       22%         1
 Martyr's Knell           Necr/Summ      20%        N/A       28%         4
 Ensorcelled Hibernation  Hex/Ice        6%         N/A       32%         2
 Passwall                 Erth           3%         N/A       54%         3
 Swiftness                Air            3%         N/A       54%         3


Dungeon Overview and Level Annotations

Branches:
Dungeon (6/15)             Temple (1/1) D:4

Altars:
Ashenzari
Cheibriados
Dithmenos
Fedhas
Gozag
Hepliaklqana
Kikubaaqudgha
Makhleb
Nemelex Xobeh
Okawaru
Qazlal
Ru
Sif Muna
Trog
Uskayaw
Vehumet
Wu Jian
Xom
Yredelemnul

Annotations:
D:3 2 transporters, p00ps00p's ghost, amateur HOFi


Innate Abilities, Weirdness & Mutations

You may rarely emit foul miasma when damaged in melee.
Your movements are slightly less encumbered by armour. (ER -2)
Your touch may inflict minor irresistible damage on your foes.


Message History

Your hound skeleton crumbles into dust!
q - a potion of lignification
v - 2 potions of enlightenment (gained 1)
B - a wand of paralysis (8)
An ogre comes into view. It is wielding a +0 giant club.
Aiming: Necrotise (safe; 1% risk of failure)
Press: ? - help, Q - select action, (/) - cycle Shift-Dir - straight line, f - ogre
Aim: an ogre, wielding a +0 giant club (wandering, hasn't noticed you, chance to affect: 83%)
The ogre shouts!
The ogre writhes in agony.
Aiming: Necrotise (safe; 1% risk of failure)
Press: ? - help, Q - select action, (/) - cycle Shift-Dir - straight line, f/p - ogre
Aim: an ogre, wielding a +0 giant club (lightly wounded, chance to affect: 83%)
The ogre writhes in agony.
Aiming: Necrotise (safe; 1% risk of failure)
Press: ? - help, Q - select action, (/) - cycle Shift-Dir - straight line, f/p - ogre
Aim: an ogre, wielding a +0 giant club (moderately wounded, chance to affect: 83%)
The ogre barely resists.
You block the ogre's attack.
Aiming: Necrotise (safe; 1% risk of failure)
Press: ? - help, Q - select action, (/) - cycle Shift-Dir - straight line, f/p - ogre
Aim: an ogre, wielding a +0 giant club (moderately wounded, chance to affect: 83%)
The ogre writhes in agony.
The ogre hits you with a +0 giant club!!
Aiming: Necrotise (safe; 1% risk of failure)
Press: ? - help, Q - select action, (/) - cycle Shift-Dir - straight line, f/p - ogre
Aim: an ogre, wielding a +0 giant club (moderately wounded, chance to affect: 83%)
The ogre writhes in agony.
Aiming: Necrotise (safe; 1% risk of failure)
Press: ? - help, Q - select action, (/) - cycle Shift-Dir - straight line, f/p - ogre
Aim: an ogre, wielding a +0 giant club (heavily wounded, chance to affect: 83%)
The ogre writhes in agony.
The ogre hits you with a +0 giant club!!
* * * LOW HITPOINT WARNING * * *
Aiming: Necrotise (safe; 1% risk of failure)
Press: ? - help, Q - select action, (/) - cycle Shift-Dir - straight line, f/p - ogre
Aim: an ogre, wielding a +0 giant club (severely wounded, chance to affect: 83%)
The ogre writhes in agony.
The ogre hits you with a +0 giant club!!
You die...

#....#....###
.............#
##.....#####.#
#...#...# #.#
#......... #.#
...........
#.# .........
#.### .......
#...###
#......
###@..#
......l #O.##
....... ##.##
....... #..#
......# #.##
##....# ....
#...# ##..##
.... ##.. ...
...


You could see an ogre.

Vanquished Creatures
  A cyclops (D:6)
  Edmund (D:6)
  A water moccasin (D:6)
  An ice beast (D:5)
  An orc warrior (D:6)
  An ogre (D:6)
  A phantom (D:5)
  A scorpion (D:4)
  3 hounds
  A jelly (D:4)
  An orc priest (D:6)
  An iron imp (D:4)
  An orc wizard (D:3)
  2 iguanas
  6 adders
  3 gnolls (D:4)
  A dart slug (D:4)
  2 ribbon worms
  8 orcs
  6 bats
  17 endoplasms
  5 giant cockroaches
  8 goblins
  3 hobgoblins
  2 jackals
  8 kobolds (D:4)
  2 quokkas
  8 ball pythons
  8 frilled lizards
  3 rats
107 creatures vanquished.

Vanquished Creatures (collateral kills)
  2 gnolls
  A white imp (D:5)
  2 ball pythons (D:2)
  2 rats
7 creatures vanquished.

Vanquished Creatures (others)
  A human zombie (D:6)
1 creature vanquished.

Grand Total: 115 creatures vanquished

Notes
Turn   | Place    | Note
-------+----------+-------------------------------------------
     0 | D:1      | Zeia the Demonspawn Necromancer began the quest for the
                  | Orb.
     0 | D:1      | Reached XP level 1. HP: 13/13 MP: 3/3
   333 | D:1      | Gained mutation: You may rarely emit foul miasma when
                  | damaged in melee. [demonic ancestry]
   333 | D:1      | Reached XP level 2. HP: 19/19 MP: 0/5
   389 | D:1      | Reached skill level 5 in Necromancy
   950 | D:2      | Reached XP level 3. HP: 24/24 MP: 0/6
  1685 | D:2      | Reached skill level 6 in Necromancy
  1803 | D:2      | Reached XP level 4. HP: 29/30 MP: 0/7
  2049 | D:3      | Found a transporter.
  2057 | D:3      | Noticed p00ps00p's ghost (amateur HOFi)
  2076 | D:3      | Found a transporter.
  3017 | D:4      | Found a burning altar of Makhleb.
  3111 | D:4      | Found a staircase to the Ecumenical Temple.
  3124 | Temple   | Entered the Ecumenical Temple
  3172 | Temple   | Became a worshipper of Ashenzari the Shackled
  3376 | D:4      | Reached skill level 7 in Necromancy
  3376 | D:4      | Reached XP level 5. HP: 29/35 MP: 2/8
  3394 | D:4      | Reached skill level 1 in Fighting
  3844 | D:4      | Found a bloodstained altar of Trog.
  3844 | D:4      | Found a stormy altar of Qazlal.
  3844 | D:4      | Found a shimmering altar of Xom.
  3844 | D:4      | Found an ornate altar of the Wu Jian Council.
  3844 | D:4      | Found a sacrificial altar of Ru.
  3844 | D:4      | Found a sacrificial altar of Ru.
  4107 | D:4      | Gained mutation: Your touch may inflict minor irresistible
                  | damage on your foes. [demonic ancestry]
  4107 | D:4      | Reached XP level 6. HP: 17/47 MP: 5/9
  4290 | D:4      | Found a shimmering blue altar of Sif Muna.
  4476 | D:5      | Entered Level 5 of the Dungeon
  4732 | D:5      | Found an opulent altar of Gozag.
  4747 | D:5      | Reached skill level 8 in Necromancy
  4956 | D:5      | Reached * piety under Ashenzari
  5115 | D:5      | Learned a level 4 spell: Animate Dead
  5168 | D:5      | Noticed an ice beast
  5178 | D:5      | Killed an ice beast
  5179 | D:5      | Reached XP level 7. HP: 36/52 MP: 2/10
  5535 | D:6      | Reached skill level 9 in Necromancy
  5557 | D:6      | Noticed Edmund
  5629 | D:6      | Killed Edmund
  5767 | D:6      | Your ally Edmund died
  5816 | D:6      | Reached skill level 10 in Necromancy
  5816 | D:6      | Reached skill level 1 in Shields
  5938 | D:6      | Gained mutation: Your movements are slightly less
                  | encumbered by armour. (ER -2) [demonic ancestry]
  5938 | D:6      | Reached XP level 8. HP: 30/58 MP: 4/11
  6085 | D:6      | Noticed a cyclops
  6137 | D:6      | Killed a cyclops
  6138 | D:6      | Reached skill level 5 in Shields
  6451 | D:6      | Mangled by an ogre

Illustrated notes

Levels and vault maps discovered:
D:1:      minmay_arrival_up_and_down, layout_rooms, minivault_4,
          minmay_tromino_i4
D:2:      layout_rooms, kennysheep_generic_room_10
D:3:      layout_loops_ring, gammafunk_ghost_stat_death, kennysheep_donut,
          kennysheep_generic_room_5
D:4:      cheibrodos_fertilizer, layout_basic, demons_altar,
          gammafunk_temple_overflow_wave, minmay_temple_entry_stoned_glass,
          nicolae_letterblocks [nicolae_letter_subblock,
          nicolae_letter_subblock, nicolae_letter_subblock,
          nicolae_letter_subblock, nicolae_letter_subblock,
          nicolae_letter_subblock, nicolae_letter_subblock,
          nicolae_letter_subblock, nicolae_letter_subblock,
          nicolae_letter_subblock, nicolae_letter_subblock,
          nicolae_letter_subblock, nicolae_letter_subblock,
          nicolae_letter_subblock, nicolae_letter_subblock,
          nicolae_letter_subblock, nicolae_letter_subblock,
          nicolae_letter_subblock, nicolae_letter_subblock,
          nicolae_letter_subblock, nicolae_letter_subblock,
          nicolae_letter_subblock, nicolae_letter_subblock,
          nicolae_letter_subblock, nicolae_letter_subblock]
D:5:      layout_basic, mainiacjoe_overflow_cross_hatched, amethyst_killhole,
          fountainhead, chequers_garden, bh_walls_and_bars
D:6:      layout_rooms, minmay_manual_monolith, uniq_edmund
Temple:   nicolae_temple_no_exploring_needed

Skill      XL: |  1  2  3  4  5  6  7  8 |
---------------+-------------------------+-----
Necromancy     | 5 6 7 8 10 | 10.0
Fighting       | 3 |  3.0
Shields        | 3 5 |  5.5
Spellcasting   | 3 |  3.6
Dodging        | |  1.7
Stealth        | |  1.7

Action                     |  1- 3 |  4- 6 |  7- 9 || total
---------------------------+-------+-------+-------++-------
  Melee: Unarmed           |    40 |       |       ||    40
         Dagger            |     3 |    43 |    11 ||    57
         Touch             |       |     7 |     3 ||    10
   Cast: Necrotise         |    74 |   113 |    61 ||   248
         Animate Dead      |       |       |     1 ||     1
 Invoke: Curse Item        |       |     2 |       ||     2
  Evoke: Wand              |       |       |     2 ||     2
    Use: Potion            |       |       |     3 ||     3
         Scroll            |       |       |     1 ||     1
   Stab: Sleeping          |       |     1 |       ||     1
         Paralysed         |       |       |     8 ||     8
 Armour: Robe              |    48 |    46 |    20 ||   114
  Dodge: Dodged            |    63 |    29 |     9 ||   101
  Block: Buckler           |       |       |     4 ||     4

Table legend: (Time is in decaauts)
 A = Elapsed time spent in this place.
 B = Non-inter-level travel time spent in this place.
 C = Inter-level travel time spent in this place.
 D = Time resting spent in this place.
 E = Time spent auto-exploring this place.
 F = Levels seen in this place.
 G = Mean time per level.
                   A        B        C        D        E       F      G
               +--------+--------+--------+--------+--------+-----+--------+
         Total |   6456 |   6243 |    213 |   1790 |   3403 |   7 |  922.3 |
       Dungeon |   6399 |   6194 |    205 |   1790 |   3403 |   6 | 1066.5 |
        Temple |     56 |     48 |      8 |      0 |      0 |   1 |   56.0 |
               +--------+--------+--------+--------+--------+-----+--------+

Top non-repeatable levels by time:
     D:4: 1359 daAuts
     D:3: 1206 daAuts
     D:5: 1109 daAuts
     D:2: 929 daAuts
     D:1: 927 daAuts
     D:6: 867 daAuts
  Temple: 56 daAuts
